 Dungeon Crawl Stone Soup version 0.30.1-4-g462c640d31 (webtiles) character file.

Game seed: 6003009283157280107

91 DildoBatman the Conjurer (level 4, -1/33 HPs)
             Began as a Formicid Conjurer on Sept 17, 2023.
             Slain by an adder (2 damage)
             ... on level 5 of the Dungeon.
             The game lasted 00:04:22 (1919 turns).

DildoBatman the Conjurer (Formicid Conjurer)        Turns: 1919, Time: 00:04:22

Health: -1/33      AC:  5    Str: 12    XL:     4   Next: 87%
Magic:  8/8        EV: 12    Int: 19    God:
Gold:   96         SH:  0    Dex: 12    Spells: 5/8 levels left

rFire   . . .        a - +1 whip (elec)
rCold   . . .        (no shield)
rNeg    . . .        k - +0 robe
rPois   .            (helmet unavailable)
rElec   .            (no cloak)
rCorr   .            n - +2 pair of gloves
SInv    +            (no boots)
Will    .....        (no amulet)
Stlth   ++           (no ring)
HPRegen 0.25/turn    (no ring)
MPRegen 0.11/turn

%: no passive effects
@: no status effects
A: permanent stasis, dig shafts and tunnels, antennae 3, four strong arms
a: Dig, Shaft Self


You were on level 5 of the Dungeon.
You visited 1 branch of the dungeon, and saw 4 of its levels.

You collected 96 gold pieces.

Inventory:

Hand Weapons
 a - a +1 whip of electrocution (weapon)
 b - a +0 spear
 s - a +1 short sword of protection
Missiles
 p - 4 poisoned darts
 q - 4 curare-tipped darts
Armour
 k - a +0 robe (worn)
 n - a +2 pair of gloves (worn)
 t - the +0 robe "Iceregov" {rElec rN++ Dex-2}
   (You took it off an orc on level 3 of the Dungeon)

   Dex:       It affects your dexterity (-2).
   rElec:     It insulates you from electricity.
   rN:        It greatly protects you from negative energy.
Scrolls
 c - 6 scrolls of identify {unknown}
 g - a scroll of butterflies {unknown}
 h - 3 scrolls of teleportation {unknown}
 m - a scroll of vulnerability {unknown}
 o - a scroll of noise {unknown}
 r - 2 scrolls of magic mapping {unknown}
 u - a scroll of amnesia {unknown}
Potions
 d - a potion of haste {unknown}
 e - a potion of magic
 f - 4 potions of curing {unknown}
 i - a potion of cancellation {unknown}
 j - a potion of might {unknown}
 l - a potion of degeneration {unknown}


   Skills:
 * Level 1.6 Fighting
 * Level 1.6 Armour
 * Level 2.3 Dodging
 - Level 3.0 Stealth
 * Level 2.7 Spellcasting
 * Level 4.0 Conjurations


You had 5 spell levels left.
You knew the following spells:

 Your Spells              Type           Power      Damage    Failure   Level
a - Searing Ray           Conj           34%        2d5       4%          2
c - Magic Dart            Conj           68%        1d6       3%          1

Your spell library contained the following spells:

 Spells                   Type           Power      Damage    Failure   Level
 Apportation              Tloc           4%         N/A       16%         1
 Dazzling Flash           Conj/Hex       20%        N/A       21%         3
 Stone Arrow              Conj/Erth      20%        3d8       21%         3
 Lesser Beckoning         Tloc           4%         N/A       24%         2
 Gell's Gravitas          Tloc           2%         N/A       43%         3
 Tukima's Dance           Hex            2%         N/A       43%         3
 Fulminant Prism          Conj/Hex       5%         3d7       56%         4
 Iskenderun's Mystic Bla  Conj/Tloc      10%        2d4       56%         4
 Animate Armour           Summ/Erth      4%         N/A       83%         4
 Passage of Golubria      Tloc           2%         N/A       83%         4
 Yara's Violent Unravell  Hex/Tmut       1%         3d3       99%         5
 Simulacrum               Ice/Necr       1%         N/A       100%        6
 Lehudib's Crystal Spear  Conj/Erth      5%         10d3      100%        8


Dungeon Overview and Level Annotations

Branches:
Dungeon (3/15)

Altars:
Cheibriados
Okawaru

Annotations:
D:2 Natasha


Innate Abilities, Weirdness & Mutations

You cannot be hasted, slowed, berserked, paralysed or teleported.
You can dig through walls and to a lower floor.
You have a pair of large antennae on your head. (SInv)
Your four strong arms can wield two-handed weapons with a shield.


Message History

You shout for attention!
You feel sick.
You are no longer poisoned.
The adder bites you. The adder misses you.
The black bear bites you but does no damage.
The black bear claws you.
The black bear claws you but does no damage.
What are your orders? t - Shout!
Orders for allies: a - Attack new target. r - Retreat! s - Stop attacking. g - Guard the area. f - Follow me.
Anything else - Cancel.
You shout for attention!
The adder bites you but does no damage.
The black bear bites you but does no damage.
The black bear closely misses you. The black bear barely misses you.
What are your orders? t - Shout!
Orders for allies: a - Attack new target. r - Retreat! s - Stop attacking. g - Guard the area. f - Follow me.
Anything else - Cancel.
You shout for attention!
The adder misses you. The black bear closely misses you.
The black bear barely misses you. The black bear claws you.
What are your orders? t - Shout!
Orders for allies: a - Attack new target. r - Retreat! s - Stop attacking. g - Guard the area. f - Follow me.
Anything else - Cancel.
You shout for attention!
The adder bites you but does no damage. The adder bites you.
You die...

+### ...
♣♣S♣
{♣@♣{
....'.h♣♣
....#.♣{
.. #. { #
{ {


You could see a black bear and an adder.

Vanquished Creatures
  An orc wizard (D:3)
  A dart slug (D:1)
  12 orcs (D:3)
  5 ball pythons
  2 bats
  3 endoplasms
  4 giant cockroaches
  2 goblins
  2 hobgoblins
  5 kobolds
  3 quokkas
  A frilled lizard (D:3)
  6 rats
47 creatures vanquished.

Notes
Turn   | Place    | Note
-------+----------+-------------------------------------------
     0 | D:1      | DildoBatman the Formicid Conjurer began the quest for the
                  | Orb.
     0 | D:1      | Reached XP level 1. HP: 13/13 MP: 3/3
   199 | D:1      | Reached XP level 2. HP: 20/20 MP: 0/5
   202 | D:1      | Learned a level 2 spell: Searing Ray
   287 | D:1      | Found a faded altar of an unknown god.
   806 | D:1      | Reached XP level 3. HP: 25/25 MP: 2/6
   986 | D:2      | Reached skill level 1 in Fighting
  1019 | D:2      | Reached skill level 1 in Armour
  1425 | D:2      | Noticed Natasha
  1434 | D:2      | You fall into a shaft and drop 1 floor!
  1446 | D:3      | Found a snail-covered altar of Cheibriados.
  1698 | D:3      | Reached XP level 4. HP: 32/32 MP: 1/7
  1733 | D:3      | Identified the +0 robe "Iceregov" {rElec rN++ Dex-2}
  1749 | D:3      | Reached skill level 4 in Conjurations
  1758 | D:3      | Found an iron altar of Okawaru.
  1768 | D:3      | Got the Cyclopedia of the Map and the Blizzard
  1909 | D:3      | You fall into a shaft and drop 2 floors!
  1909 | D:5      | Entered Level 5 of the Dungeon
  1910 | D:5      | Noticed a black bear
  1911 | D:5      | Noticed a phantom
  1916 | D:5      | HP: 1/33 [black bear (3)]
  1919 | D:5      | Slain by an adder

Illustrated notes

Levels and vault maps discovered:
D:1:      grunt_arrival_crossed_arrows, layout_basic,
          hellmonk_ecumenical_altar_arch_garden, reono_crystal_passage,
          minivault_11
D:2:      layout_basic, basic_altar, uniq_natasha
D:3:      layout_rooms, mainiacjoe_overflow_paths, okawaru_metal_pillars_3
D:5:      layout_basic, overflow_temple_1_default,
          nemelex_xobeh_ov_fountains_minmay, tso_metal_star,
          cheibrodos_ashenzari_chains, trog_hazing_becter,
          chequers_serial_rivers_micro_e, kennysheep_generic_room_9, uniq_ijyb

Skill      XL: |  1  2  3  4 |
---------------+-------------+-----
Dodging        | 2 |  2.3
Fighting       | 1 |  1.6
Armour         | 1 |  1.6
Stealth        | 3 |  3.0
Conjurations   | 4 |  4.0
Spellcasting   | |  2.7

Action                     |  1- 3 |  4- 6 || total
---------------------------+-------+-------++-------
  Melee: Spear             |    23 |       ||    23
         Whip              |    30 |    31 ||    61
         Punch             |     1 |       ||     1
   Cast: Magic Dart        |    29 |       ||    29
         Searing Ray       |     3 |       ||     3
Ability: Shaft Self        |     1 |       ||     1
   Stab: Sleeping          |     3 |     2 ||     5
 Armour: Robe              |    15 |    15 ||    30
  Dodge: Dodged            |    29 |    36 ||    65
